Cogmind - Beta 10.2 @@@ ROGUE MODE // 2021.11.13 @ 03:52:49 Player: youngster Result: Destroyed by G-73 Enforcer with Phase Gun Performance ------------- Evolutions (9) 4500 Regions Visited (30) 6000 Robots Destroyed (337) 1685 Value Destroyed (15959) 15959 Prototype IDs (62) 1240 Alien Tech Used (1) 200 Bonus (12218) 12218 TOTAL SCORE: 41802 Bonus ------- High Alert Combat Kills 4470 Follower Combat Kills 2375 Network Hubs Disabled 200 Met Imprinter 300 Destroyed Z-Imprinter 1000 Exposed GOLEM Chamber 500 Met Zhirov 300 Met Warlord at Base 500 MAIN.C Attacked Warlord 500 Warlord Defense Kill 594 Built Enhanced Grunts 300 Met Warlord at Research 2000 Friendly Fire -821 Cogmind --------- Core Integrity 0/1600 Matter 290/300 Energy 100/100 System Corruption 4% Temperature Cool (0) Movement Core (50) Location -1/Access Parts ------- > --- POWER (2) -------- (None) > --- PROPULSION (6) --- (None) > --- UTILITY (11) ----- (None) > --- WEAPON (6) ------- (None) > --- INVENTORY (4) ---- Improved System Restoration Module Improved Potential Cannon CR-A16's Pointy Stick Peak State ------------ > --- POWER ------------ Assembled Flux Generator > --- PROPULSION ------- Armored Heavy Treads Armored Heavy Treads Advanced Heavy Treads > --- UTILITY ---------- Assembled Nanovents Assembled Nanovents High-capacity Storage Unit High-capacity Storage Unit Assembled Biocell Array Assembled Suspension Frame Advanced Signal Interpreter Advanced Terrain Scan Processor Assembled Alloy Armor GOLEM Unit > --- WEAPON ----------- Assembled Focal Cannon Assembled Focal Cannon Assembled Focal Cannon Improved Potential Cannon KE Penetrator > --- INVENTORY -------- Quantum Reactor Armored Heavy Treads Advanced Energy Well Matter Compressor Experimental Sensor Array Long-range Terrain Scanner Advanced Force Field Advanced Force Field Improved System Restoration Module Hacking Drone Bay BFG-9k Vortex Edition KE Penetrator KE Penetrator CR-A16's Pointy Stick [Rating: 211] Favorites ----------- Power Assembled Flux Generator Engine Improved Deuterium Engine Power Core Fission Core Reactor Assembled Flux Generator Propulsion Armored Treads Treads Armored Treads Leg Assembled Alloy Leg Wheel Armored Wheel Hover Unit Zionite Glidesys II Flight Unit VTOL Module Utility High-capacity Storage Unit Device Experimental Sensor Array Storage High-capacity Storage Unit Processor Advanced Signal Interpreter Hackware Improved Hacking Suite Protection Zionite Weapon Casing Weapon Assembled Focal Cannon Energy Gun Zionite Laser-M Energy Cannon Assembled Focal Cannon Ballistic Gun Assault Rifle Ballistic Cannon Gauss Cannon Launcher Proton Missile Launcher Impact Weapon Powered Hammer Slashing Weapon Great Axe Piercing Weapon CR-A16's Pointy Stick Build | -11 -10 -10 -10 -9 -8 -7 -7 -7 -7 -7 -6 -6 -6 -6 -6 -6 -5 -5 -5 -5 -4 -4 -4 -4 -4 -3 -3 -3 -2 -1 ------- Run | Scr Mat Min Exi Min Mat Fac Low Low Zio Dee Pro Fac Ext Cet Arc Hub Fac Upp Upp War Pro Fac Upp Upp Zhi Pro Res Tes Res Acc Slots Evolved 18 | . . . . . 4 2 . . . . . 2 . . . . 2 . . . . 2 . . . . 2 . 2 2 Power 1 | . . . . . . . . . . . . . . . . . . . . . . 1 . . . . . . . . Propulsion 4 | . . . . . 1 1 . . . . . 2 . . . . . . . . . . . . . . . . . . Utility 9 | . . . . . 2 1 . . . . . . . . . . 2 . . . . . . . . . 1 . 1 2 Weapon 4 | . . . . . 1 . . . . . . . . . . . . . . . . 1 . . . . 1 . 1 . Parts Attached 500 | 7 19 6 . 3 65 37 11 7 4 63 10 11 28 13 1 9 12 7 5 1 7 20 2 5 7 5 70 30 21 14 Power 17 | 1 2 1 . . 5 1 1 . . 4 . 1 . 1 . . . . . . . . . . . . . . . . Engine 6 | 1 2 1 . . 1 . 1 . . . . . . . . . . . . . . . . . . . . . . . Core 6 | . . . . . 4 1 . . . . . . . 1 . . . . . . . . . . . . . . . . Reactor 5 | . . . . . . . . . . 4 . 1 . . . . . . . . . . . . . . . . . . Propulsion 93 | 2 6 2 . 3 23 14 . . . 14 2 3 3 2 . 1 1 . . . . 2 . . 2 . 9 3 . 1 Treads 67 | 2 6 2 . . 14 11 . . . 8 . 2 3 2 . . 1 . . . . 2 . . 1 . 9 3 . 1 Leg 4 | . . . . . 3 . . . . . . 1 . . . . . . . . . . . . . . . . . . Wheel 14 | . . . . 3 6 3 . . . . 1 . . . . 1 . . . . . . . . . . . . . . Hover 6 | . . . . . . . . . . 6 . . . . . . . . . . . . . . . . . . . . Flight 2 | . . . . . . . . . . . 1 . . . . . . . . . . . . . 1 . . . . . Utility 270 | 2 3 . . . 14 11 6 4 2 33 5 3 16 6 1 8 10 6 5 1 7 15 2 5 5 4 55 18 15 8 Device 154 | . . . . . 4 7 3 2 1 13 3 2 8 3 . 4 7 4 3 . 4 8 1 3 2 2 41 12 11 6 Storage 18 | 2 3 . . . . . . . . 5 . . . . . . . . . . . . . . 1 . . 4 1 2 Processor 2 | . . . . . . 1 . . . . . . . . . . . . . . . . . . . . . . 1 . Hackware 1 | . . . . . . . . . . . . . 1 . . . . . . . . . . . . . . . . . Protection 95 | . . . . . 10 3 3 2 1 15 2 1 7 3 1 4 3 2 2 1 3 7 1 2 2 2 14 2 2 . Artifact . | . . . . . . . . . . . . . . . . . . . . . . . . . . . . . . . Weapon 120 | 2 8 3 . . 23 11 4 3 2 12 3 4 9 4 . . 1 1 . . . 3 . . . 1 6 9 6 5 Energy Gun 17 | 1 1 . . . 8 1 . . . 4 . . . . . . . . . . . . . . . . 1 1 . . Energy Cannon 13 | . . . . . 2 . . . . . . . . . . . . . . . . . . . . . 1 6 1 3 Ballistic Gun 60 | 1 7 3 . . 11 5 . 1 1 4 2 2 4 4 . . 1 . . . . 2 . . . 1 4 1 5 1 Ballistic Cannon 2 | . . . . . . 1 . . . . . . . . . . . . . . . . . . . . . 1 . . Launcher 16 | . . . . . . 2 2 1 . 4 1 . 3 . . . . 1 . . . 1 . . . . . . . 1 Special Weapon . | . . . . . . . . . . . . . . . . . . . . . . . . . . . . . . . Impact Weapon 1 | . . . . . . 1 . . . . . . . . . . . . . . . . . . . . . . . . Slashing Weapon 7 | . . . . . 2 1 2 1 . . . 1 . . . . . . . . . . . . . . . . . . Piercing Weapon 4 | . . . . . . . . . 1 . . 1 2 . . . . . . . . . . . . . . . . . Special Melee Weapon . | . . . . . . . . . . . . . . . . . . . . . . . . . . . . . . . Unidentified Prototypes 34 | . . . . . 4 2 . . . 13 . . . 3 . . . . . . . . . . 5 . 2 4 . 1 Parts Lost 71 | . . 6 . 1 23 1 . . . 11 1 1 1 1 . . . . 1 . . 1 . . . . 11 . 1 11 Power 10 | . . 1 . . 4 . . . . 1 . 1 . 1 . . . . . . . . . . . . 1 . . 1 Propulsion 17 | . . 2 . 1 2 1 . . . 5 1 . . . . . . . . . . . . . . . 2 . . 3 Utility 16 | . . . . . 8 . . . . 2 . . 1 . . . . . 1 . . . . . . . 1 . 1 2 Weapon 28 | . . 3 . . 9 . . . . 3 . . . . . . . . . . . 1 . . . . 7 . . 5 Highest Loss Streak 7 | . . 4 . 1 6 1 . . . 5 1 1 1 1 . . . . 1 . . 1 . . . . 4 . 1 7 Average Slot Usage (%) 87 | . 99 99 100 100 97 100 100 100 100 94 97 92 93 87 80 80 81 77 76 76 76 72 72 73 71 72 73 68 67 67 Engine 2 | . 14 13 14 14 2 . 3 7 7 . . . . . . . . . . . . . . . . . . . . . Core 1 | . . . . . 6 7 3 . . . . . . 4 6 6 5 5 5 5 5 . . . . . . . . . Reactor 2 | . . . . . . . . . . 6 7 5 6 1 . . . . . . . 5 5 5 5 5 4 4 4 3 Treads 18 | . 27 28 28 22 14 24 23 23 23 23 16 13 15 16 13 13 16 17 17 17 17 15 15 15 14 15 13 15 13 10 Leg 1 | . . . . . 7 . . . . 1 7 12 10 3 . . . . . . . . . . . . . . . . Wheel 2 | . . . . 5 4 5 7 7 7 . 2 6 6 6 6 6 . . . . . . . . . . . . . . Device 6 | . . . . . 2 6 11 6 7 7 6 5 3 3 . 3 10 7 10 10 9 8 8 8 7 8 10 8 11 14 Storage 17 | . 28 28 28 28 18 15 15 15 15 12 23 20 20 20 20 20 17 17 17 17 17 15 14 15 15 15 14 14 13 11 Processor 4 | . . . . . . 7 7 7 7 7 7 6 6 6 6 6 5 5 5 5 5 5 5 5 5 5 4 4 6 7 Protection 3 | . . . . . 13 7 3 7 7 7 . . 2 2 5 2 5 4 . . 1 1 1 1 1 1 1 3 1 2 Energy Gun 1 | . 6 . . . 7 5 . . . 5 . . . . . . . . . . . . . . . . . . . . Energy Cannon 5 | . . . . . 1 . . . . . 7 6 6 6 6 6 5 9 11 11 11 14 15 15 15 15 13 14 13 9 Ballistic Gun 10 | . 21 27 28 28 17 11 7 8 15 6 11 9 10 12 13 13 11 4 . . . 3 5 5 5 4 7 . 2 6 Launcher 1 | . . . . . . . . 4 . 6 3 . . . . . . 1 5 5 5 1 . . . . . . . 1 Naked Turns 55 | . . . . . . . . . . . . . . . . . . . . . . . . . . . . . . 55 Heaviest Build 192 | 14 75 75 71 71 83 97 99 100 92 104 101 99 102 102 98 98 111 114 114 114 120 165 164 164 164 164 185 192 189 179 Greatest Support 230 | 40 40 40 40 40 60 80 60 12 12 106 63 28 70 160 28 160 230 230 230 230 230 230 230 230 230 230 230 200 190 200 Greatest Overweight (x) 8 | . 3 1 1 7 6 8 7 8 7 8 3 3 3 3 3 3 3 . . . . 2 . . 1 . 1 . . 1 Average Overweight (x) 1 | . . 1 1 2 2 4 4 7 6 1 1 3 2 2 3 2 . . . . . . . . . . . . . . Largest Inventory Capacity 20 | 8 20 20 20 20 20 20 20 20 20 20 20 20 20 20 20 20 20 20 20 20 20 20 20 20 20 20 20 20 20 20 Average Capacity 19 | 6 12 20 20 20 20 20 20 20 20 16 20 20 20 20 20 20 20 20 20 20 20 20 20 20 20 20 20 20 20 18 Most Carried 20 | 5 16 15 14 19 20 20 20 20 20 20 20 20 20 20 20 20 20 20 20 20 20 20 20 20 20 20 20 20 20 20 Average Carried 18 | 3 9 13 14 15 18 19 20 20 19 15 19 18 19 19 20 20 19 19 19 19 20 19 20 20 19 19 19 19 19 17 Final Capacity 20 | 8 20 20 20 20 20 20 20 20 20 20 20 20 20 20 20 20 20 20 20 20 20 20 20 20 20 20 20 20 20 4 Final Carried 20 | 5 15 14 14 19 20 20 20 20 20 20 20 20 20 20 20 20 20 20 20 20 20 20 20 20 20 20 20 20 20 4 Class Distribution -------------------- 51% | Hauler-Mutant 17% | Hauler-Skirmisher 10% | Hauler-Tank 5% | Scavenger-Tank 4% | Scavenger-Mutant 3% | Mutant Dominant Class ---------------- Mutant | -10/Materials Hauler-Mutant | -10/Mines Hauler-Mutant | -10/Exiles Hauler-Mutant | -9/Mines Scavenger-Tank | -8/Materials Hauler-Tank | -7/Factory Hauler-Mutant | -7/Lower Caves Hauler-Mutant | -7/Lower Caves Hauler-Mutant | -7/Zion Hauler-Mutant | -7/Deep Caves Hauler-Skirmisher | -6/Proximity Caves Hauler-Mutant | -6/Factory Scavenger-Mutant | -6/Extension Scavenger-Tank | -6/Cetus Commander-Tank | -6/Archives Hauler-Gunner | -6/Hub_04(d) Hauler-Mutant | -5/Factory Hauler-Mutant | -5/Upper Caves Hauler-Mutant | -5/Upper Caves Hauler-Mutant | -5/Warlord Hauler-Mutant | -4/Proximity Caves Hauler-Mutant | -4/Factory Hauler-Mutant | -4/Upper Caves Hauler-Skirmisher | -4/Upper Caves Hauler-Skirmisher | -4/Zhirov Hauler-Skirmisher | -3/Proximity Caves Hauler-Skirmisher | -3/Research Hauler-Skirmisher | -3/Testing Hauler-Skirmisher | -2/Research Hauler-Mutant | -1/Access Resources | -11 -10 -10 -10 -9 -8 -7 -7 -7 -7 -7 -6 -6 -6 -6 -6 -6 -5 -5 -5 -5 -4 -4 -4 -4 -4 -3 -3 -3 -2 -1 ----------- Run | Scr Mat Min Exi Min Mat Fac Low Low Zio Dee Pro Fac Ext Cet Arc Hub Fac Upp Upp War Pro Fac Upp Upp Zhi Pro Res Tes Res Acc Matter Collected 8752 | 282 373 302 20 51 1048 702 344 120 38 999 131 39 701 300 10 108 98 121 105 10 125 293 85 86 88 108 1145 337 292 291 Remotely 37 | . . . . . 33 . . . 4 . . . . . . . . . . . . . . . . . . . . . Salvage Created 18953 | 106 602 321 . . 1653 866 278 112 . 1323 163 83 653 . . 186 21 362 815 396 520 1455 87 125 127 434 3514 1965 784 2002 Parts 849 | 7 43 24 . . 70 58 17 6 . 55 12 9 23 . . 5 3 23 31 21 19 55 3 3 . 17 154 76 34 81 Haulers Intercepted 8 | . 2 . . . 3 2 . . . . . . . . . . . . . . . . . . . . 1 . . . Recyclers Shooed 13 | . 1 . . . 2 2 . . . . . . . . . . . . . . . 3 . . . . 1 2 . 2 Parts Field Recycled . | . . . . . . . . . . . . . . . . . . . . . . . . . . . . . . . Retrieved Matter . | . . . . . . . . . . . . . . . . . . . . . . . . . . . . . . . Parts Self-Destructed 139 | . . . . . . . 19 3 . . 9 . . . . . . 23 10 44 11 . 3 . . 17 . . . . Prevented 60 | . . . . . . . 7 2 . . 3 . . . . . . 1 20 20 7 . . . . . . . . . Kills | -11 -10 -10 -10 -9 -8 -7 -7 -7 -7 -7 -6 -6 -6 -6 -6 -6 -5 -5 -5 -5 -4 -4 -4 -4 -4 -3 -3 -3 -2 -1 ------- Run | Scr Mat Min Exi Min Mat Fac Low Low Zio Dee Pro Fac Ext Cet Arc Hub Fac Upp Upp War Pro Fac Upp Upp Zhi Pro Res Tes Res Acc Combat Hostiles Destroyed 287 | . 16 10 . . 30 13 7 4 . 21 5 1 9 . . 1 . 7 12 7 9 18 1 2 . 6 49 19 11 29 Melee 2 | . . . . . . . . . . 1 . . . . . . . . . 1 . . . . . . . . . . Guns 87 | . 15 10 . . 28 5 2 . . 5 . . 3 . . 1 . . . . . . . . . . 15 . 3 . Cannons 125 | . . . . . 2 6 1 . . . 1 1 6 . . . . 4 3 2 5 15 1 2 . 6 33 14 8 15 AOE 55 | . 1 . . . . 2 4 3 . 9 4 . . . . . . 3 5 4 2 3 . . . . . 5 . 10 Classes Destroyed 24 | 2 3 1 . . 3 3 . . . 3 . 1 2 . . . . . . 1 . 1 . 1 . . . 1 2 . Worker 19 | . . 3 . . . 8 . . . . . . . . . 1 . . . . . 4 . . . . . 2 . 1 Builder 10 | . . . . . 1 1 . . . . . . . . . . . . . . . 1 . . . . 2 2 . 3 Tunneler 2 | 1 . . . . . . . . . . . . . . . . 1 . . . . . . . . . . . . . Hauler 8 | . 2 . . . 3 2 . . . . . . . . . . . . . . . . . . . . 1 . . . Recycler 11 | 1 . . . . . 1 . . . . . . . . . . . . . . . 1 . . . . 2 6 . . Mechanic 1 | . . . . . . . . . . . . . . . . . . . . . . . . . . . . 1 . . Operator 3 | . . . . . . . . . . . . 1 1 . . . . . . . . . . . . . 1 . . . Watcher 3 | . . . . . . . . . . . . . 1 . . . . . . . . . . . . . . 1 . 1 Swarmer 64 | . 6 6 . . 4 1 4 4 . . 4 . . . . . . 3 . . 4 2 . . . 2 16 . 3 5 Saboteur 2 | . . . . . . . . . . . . . . . . . . . . 2 . . . . . . . . . . Grunt 110 | . 10 4 . . 16 6 3 . . . . . 4 . . 1 . 2 11 4 5 5 . . . 4 7 11 2 15 Brawler 4 | . . . . . 2 . . . . . . . . . . . . 1 1 . . . . . . . . . . . Duelist 6 | . . . . . . 1 . . . . . . . . . . . . . 1 . . . . . . 2 . . 2 Protector 1 | . . . . . . . . . . . . . . . . . . . . . . 1 . . . . . . . . Sentry 31 | . . . . . 8 3 . . . . . 1 3 . . . . . . . . 3 1 . . . 8 . 2 2 Demolisher 1 | . . . . . . . . . . . . . . . . . . . . . . . . . . . . . 1 . Hunter 18 | . . . . . . 1 . . . . . . . . . . . . . . . 4 . . . . 8 1 2 2 Programmer 23 | . . . . . . 1 . . . . 1 . . . . . . . . . . 4 . 1 . . 6 7 . 3 Behemoth 4 | . . . . . . . . . . . . . 1 . . . . 1 . . . . . . . . 2 . . . Striker 1 | . . . . . . . . . . . . . . . . . . . . . . . . . . . . . 1 . Z-Light 9 | . . . . . . . . . . 9 . . . . . . . . . . . . . . . . . . . . Assembled 7 | . . . . . . . . . . 7 . . . . . . . . . . . . . . . . . . . . Golem 4 | . . . . . . . . . . 4 . . . . . . . . . . . . . . . . . . . . Thug 2 | . . . . . . . . . . . . . . . . 2 . . . . . . . . . . . . . . Guerrilla 1 | . . . . . . . . . . . . . 1 . . . . . . . . . . . . . . . . . Mutant 1 | . . . . . . . . . . . . . . . . . . . . . . . . 1 . . . . . . Best Kill Streak 13 | 1 4 3 . . 6 6 4 3 . 6 4 1 2 . . 1 1 6 5 4 4 10 1 1 . 4 5 13 4 10 Combat Bots Only 9 | . 3 3 . . 6 4 4 3 . 6 4 1 1 . . 1 . 6 5 4 4 6 1 1 . 4 5 7 4 9 Max Kills in Single Turn 4 | 1 1 1 . . 2 2 2 2 . 2 2 1 1 . . 1 1 3 3 2 2 2 1 1 . 1 2 4 2 4 Gunslinging 1 | . . . . . 1 . . . . . . . . . . . . . . . . . . . . . 1 . 1 . Exploded 3 | . 1 . . . . 1 2 2 . 2 2 . . . . . . 3 3 2 2 1 . . . . . 2 . 3 Melee 1 | . . . . . . . . . . 1 . . . . . . . . . 1 . . . . . . . . . . Uniques/NPCs Destroyed 1 | . . . . . . . . . . 1 . . . . . . . . . . . . . . . . . . . . Z-Imprinter (-7/Deep Caves) Combat | -11 -10 -10 -10 -9 -8 -7 -7 -7 -7 -7 -6 -6 -6 -6 -6 -6 -5 -5 -5 -5 -4 -4 -4 -4 -4 -3 -3 -3 -2 -1 -------- Run | Scr Mat Min Exi Min Mat Fac Low Low Zio Dee Pro Fac Ext Cet Arc Hub Fac Upp Upp War Pro Fac Upp Upp Zhi Pro Res Tes Res Acc Damage Taken 27077 | . 563 521 . 96 2982 989 361 85 . 2855 109 383 1022 316 . 172 57 111 145 310 215 1533 43 45 . 653 5638 1241 1718 4914 Core 3156 | . 76 53 . 8 308 112 62 . . 254 . 133 63 26 . 20 . . . 19 30 56 . 25 . . 215 60 12 1624 Absorbed by Shields 1880 | . . . . . 78 11 14 . . . . . 134 13 . . 20 . . 296 204 297 . . . . 267 73 473 . Reduced by Siege Mode 189 | . . . . . . . . . . . . . . . . . . . . . . 81 . . . . 97 . . 11 Core Remaining (%) 73 | 100 . . . 45 44 . . . . . 38 . . . . 71 . . . . 95 . . . . 92 . 78 99 . Volleys Fired 737 | 4 36 34 . 6 105 38 12 8 . 66 6 22 29 9 . 4 4 8 15 16 16 54 1 2 2 14 112 37 28 49 Largest 6 | 2 2 2 . 2 3 3 2 1 . 3 3 3 3 3 . 3 3 3 2 2 2 4 4 4 3 4 5 4 6 5 Hottest 200 | 60 60 40 . 40 182 118 76 39 . 101 81 81 81 81 . 81 81 89 50 50 50 110 110 110 75 110 180 200 200 200 Shots Fired 1753 | 8 70 67 . 12 278 109 17 8 . 84 10 27 72 19 . 8 6 18 18 23 26 121 4 8 6 43 426 81 78 106 Gun 857 | 8 70 67 . 12 264 80 7 . . 32 4 5 44 10 . 4 3 2 . . . 19 1 2 . 6 170 1 21 25 Cannon 775 | . . . . . 14 28 5 . . . 2 22 27 7 . 4 3 14 6 18 20 91 3 6 6 37 256 80 57 69 Launcher 121 | . . . . . . 1 5 8 . 52 4 . 1 2 . . . 2 12 5 6 11 . . . . . . . 12 Special . | . . . . . . . . . . . . . . . . . . . . . . . . . . . . . . . Kinetic 785 | 4 48 67 . 12 205 99 12 . . 26 4 5 44 10 . 4 3 2 . . . 19 1 2 . 6 165 1 21 25 Thermal 809 | 4 14 . . . 52 . . . . 6 2 22 27 7 . 4 3 14 6 18 20 91 3 6 6 37 261 80 57 69 Explosive . | . . . . . . . . . . . . . . . . . . . . . . . . . . . . . . . Electromagnetic 159 | . 8 . . . 21 10 5 8 . 52 4 . 1 2 . . . 2 12 5 6 11 . . . . . . . 12 Robot Hit Streak 50 | 3 20 12 . 8 26 19 7 4 . 11 19 24 25 10 . 8 5 4 11 14 11 23 4 8 14 29 50 22 21 20 Robot Miss Streak 5 | 2 2 3 . 1 2 3 5 1 . 4 . . 5 2 . 2 2 1 . 1 1 2 . . . 1 4 2 3 2 Penetration Max 1 | . . . . . . 1 . . . . . . . . . . . . . . . 1 . . . . 1 . . 1 Secondary Targets 12 | . . 2 . . 7 . . . . . . . . . . . . . . . . . . . . . 1 . 2 . Max Gunslinging Chain 1 | . . 1 . . 1 . . . . . . . . . . . . . . . . . . . . . 1 . 1 . Shots Hit Robots 1190 | 4 53 50 . 10 213 85 10 5 . 36 8 5 55 17 . 6 5 9 8 11 18 71 3 4 6 24 292 58 54 70 Core Hits 681 | 2 30 17 . 3 77 39 14 5 . 54 8 3 44 9 . 5 1 11 27 19 18 49 2 2 1 11 107 41 24 58 Critical Hits 23 | . . 1 . . 3 4 1 . . . . . . . . . . . . . . 2 . . . . 8 2 1 1 Critical Kills 8 | . . . . . . 2 1 . . . . . . . . . . . . . . . . . . . 4 . 1 . Critical Parts Destroyed 14 | . . 1 . . 2 2 . . . . . . . . . . . . . . . 2 . . . . 4 2 . 1 Melee Attacks 38 | . . . . . 1 11 . 17 3 . . 1 5 . . . . . . . . . . . . . . . . . Impact 9 | . . . . . . 9 . . . . . . . . . . . . . . . . . . . . . . . . Slashing 20 | . . . . . 1 2 . 17 . . . . . . . . . . . . . . . . . . . . . . Piercing 9 | . . . . . . . . . 3 . . 1 5 . . . . . . . . . . . . . . . . . Sneak Attacks 5 | . . . . . . 4 . . . . . . 1 . . . . . . . . . . . . . . . . . Combat Hostiles . | . . . . . . . . . . . . . . . . . . . . . . . . . . . . . . . Follow-up Attacks . | . . . . . . . . . . . . . . . . . . . . . . . . . . . . . . . Damage Inflicted 51964 | 62 808 672 . 117 2939 2970 415 311 . 2238 337 153 1737 680 . 396 237 657 1328 1491 1131 4273 140 216 324 1239 11350 5871 2066 7806 Guns 10281 | 62 641 595 . 104 2568 1505 102 . . 414 53 35 653 149 . 58 31 . . . . 357 . . . 23 2186 30 271 444 Cannons 26713 | . . . . . 279 629 60 . . . 96 118 919 300 . 93 151 451 239 508 701 2812 140 216 324 1216 9038 3419 1794 3210 Explosions 13971 | . 136 . . . 57 367 253 311 . 1823 188 . . 231 . 220 . 206 1089 983 430 1047 . . . . 93 2385 . 4152 Melee 506 | . . . . . . 410 . . . . . . 96 . . . . . . . . . . . . . . . . . Ramming 493 | . 31 77 . 13 35 59 . . . 1 . . 69 . . 25 55 . . . . 57 . . . . 33 37 1 . Kinetic 9358 | 30 400 595 . 104 1634 1975 162 . . 279 53 35 653 149 . 58 31 . . . . 357 . . . 23 2075 30 271 444 Thermal 34051 | 32 268 . . . 976 303 . 92 . 165 96 118 919 300 . 93 151 519 467 848 767 2944 140 216 324 1216 9149 5804 1794 6350 Explosive 309 | . . . . . . . . . . . . . . . . . . . . . . 216 . . . . 93 . . . Electromagnetic 7247 | . 109 . . . 294 223 253 219 . 1793 188 . . 231 . 220 . 138 861 643 364 699 . . . . . . . 1012 Impact 171 | . . . . . . 171 . . . . . . . . . . . . . . . . . . . . . . . . Slashing 239 | . . . . . . 239 . . . . . . . . . . . . . . . . . . . . . . . . Piercing 96 | . . . . . . . . . . . . . 96 . . . . . . . . . . . . . . . . . Highest Corruption 10 | . 1 1 1 1 10 5 4 . . . . 4 2 . . 2 . . 1 1 1 3 3 4 4 4 2 1 . 4 Average Corruption 2 | . 1 1 1 1 7 4 1 . . . . 3 1 . . 2 . . 1 1 1 2 3 3 4 4 1 1 . 3 Corruption Purged 14 | . . . . . . 1 4 . . . . 2 2 . . . . . . . . . . . . . 4 . . 1 Effects 151 | . 3 4 1 3 48 27 4 . . . . 6 4 . . . . . 2 1 . 3 8 8 6 11 6 . . 6 Message Errors 37 | . 3 3 . 1 7 5 1 . . . . 1 1 . . . . . 1 1 . 1 3 2 1 3 2 . . 1 Matter Fused 29 | . . . . . 8 6 . . . . . 2 . . . . . . . . . 2 3 3 4 1 . . . . Heat Flow Errors 8 | . . . . . 6 . . . . . . . . . . . . . . . . . 1 . . 1 . . . . Energy Discharges 17 | . . 1 1 1 4 3 . . . . . . 2 . . . . . . . . . . 1 1 1 1 . . 1 Parts Rejected 2 | . . . . . . 1 . . . . . . . . . . . . . . . . . . . 1 . . . . Data Loss (minor) 19 | . . . . 1 3 6 2 . . . . 1 . . . . . . 1 . . . 1 2 . 1 . . . 1 Misfires 3 | . . . . . 3 . . . . . . . . . . . . . . . . . . . . . . . . . Alerts 1 | . . . . . 1 . . . . . . . . . . . . . . . . . . . . . . . . . Targeting Errors 28 | . . . . . 14 5 . . . . . 2 1 . . . . . . . . . . . . 2 2 . . 2 Weapon Failures 7 | . . . . . 2 1 1 . . . . . . . . . . . . . . . . . . 1 1 . . 1 Overload Shots . | . . . . . . . . . . . . . . . . . . . . . . . . . . . . . . . Overflow Damage 2675 | . . . . . . 242 . 29 . 53 . . 87 18 . . 16 . 15 22 77 250 . 18 . 180 252 470 79 867 Projectiles 1271 | . . . . . . 11 . . . . . . 74 15 . . . . . 22 77 215 . 18 . 180 252 134 79 194 Explosions 1146 | . . . . . . 34 . 29 . 53 . . . 3 . . . . 15 . . 25 . . . . . 314 . 673 Melee 258 | . . . . . . 197 . . . . . . 13 . . . 16 . . . . 10 . . . . . 22 . . Knockbacks 10 | . . 1 . . . 6 1 . . . . . 2 . . . . . . . . . . . . . . . . . Impact 4 | . . 1 . . . 1 . . . . . . 2 . . . . . . . . . . . . . . . . . Kinetic 6 | . . . . . . 5 1 . . . . . . . . . . . . . . . . . . . . . . . Secondary . | . . . . . . . . . . . . . . . . . . . . . . . . . . . . . . . Self-Inflicted Damage 673 | . 60 . . . 43 42 . . . 4 . . . . . 97 . 6 6 162 . 56 . . . . . 54 . 143 Shots 19 | . 2 . . . 1 1 . . . 1 . . . . . 1 . 1 1 6 . 1 . . . . . 1 . 3 Rammed 32 | . 6 4 . 2 3 3 . . . . . . 3 . . 3 2 . . . . 3 . . . . 2 . 1 . Targets Rammed 40 | . 6 6 . 2 4 6 . . . 1 . . 3 . . 3 2 . . . . 3 . . . . 2 1 1 . Kicked 1 | . . . . . 1 . . . . . . . . . . . . . . . . . . . . . . . . . Crushed 7 | . . 2 . . . 3 . . . 1 . . . . . . . . . . . . . . . . . 1 . . Highest Temperature 428 | . 87 3 . 2 428 339 26 . . 301 78 78 149 30 . 7 3 . . . 5 27 128 9 . 207 225 422 88 157 Average Temperature 72 | . 29 3 . 2 80 95 11 . . 101 31 36 41 13 . 6 3 . . . 5 11 48 4 . 54 54 165 54 63 Received Heat Transfer 4901 | . 183 240 . 15 1176 249 99 . . 657 . 18 165 36 . 36 12 . 63 72 54 125 9 . . 123 528 252 114 675 Effects 7 | . . . . . 4 . . . . . . . . . . . . . . . . . . . . . 1 2 . . Shutdowns 1 | . . . . . 1 . . . . . . . . . . . . . . . . . . . . . . . . . Energy Bleed 1 | . . . . . . . . . . . . . . . . . . . . . . . . . . . 1 . . . Interference 2 | . . . . . . . . . . . . . . . . . . . . . . . . . . . . 2 . . Damage (major) 3 | . . . . . 3 . . . . . . . . . . . . . . . . . . . . . . . . . Siege Activations 13 | . . . . . . . . . . . . . . . . . 1 1 . . . 2 . . . . 4 4 . 1 Total Turns 160 | . . . . . . . . . . . . . . . . . 5 3 . . . 52 . . . . 59 30 . 11 Longest Duration 47 | . . . . . . . . . . . . . . . . . 5 3 . . . 47 . . . . 20 10 . 11 Robots Corrupted 17 | . . . . . . . . 1 . 6 . . . . . 1 . . 4 . 2 . . . . . . . . 3 Combat Hostiles 16 | . . . . . . . . 1 . 6 . . . . . . . . 4 . 2 . . . . . . . . 3 Parts Fried 53 | . 1 . . . 3 2 . . . 20 2 . . . . 1 . . 4 1 5 5 . . . . . . . 9 Impact Corruptions 9 | . . . . . . 5 . . . . . . 1 . . . 1 . . . . 1 . . . . . 1 . . Robots Melted 2 | . . . . . . . . . . . . . . . . . . . . . . . . . . . 1 . . 1 Combat Hostiles 2 | . . . . . . . . . . . . . . . . . . . . . . . . . . . 1 . . 1 Parts Melted 34 | . . . . . 2 . . . . . . . 3 . . . . . . . . 3 . . . 1 11 6 . 8 Heat Transferred 22194 | 75 400 . . . 1728 300 . 100 . 198 50 75 525 175 . 50 75 350 275 411 475 1625 75 100 150 600 4977 4026 1000 4379 Parts Sabotaged . | . . . . . . . . . . . . . . . . . . . . . . . . . . . . . . . Parts Stolen . | . . . . . . . . . . . . . . . . . . . . . . . . . . . . . . . Parts Stripped . | . . . . . . . . . . . . . . . . . . . . . . . . . . . . . . . Power Chain Reactions 19 | . 2 . . . 1 3 . 1 . 1 . . . . . . . 1 1 1 1 2 . . . . . . . 5 Missiles Intercepted . | . . . . . . . . . . . . . . . . . . . . . . . . . . . . . . . Alert | -11 -10 -10 -10 -9 -8 -7 -7 -7 -7 -7 -6 -6 -6 -6 -6 -6 -5 -5 -5 -5 -4 -4 -4 -4 -4 -3 -3 -3 -2 -1 ------- Run | Scr Mat Min Exi Min Mat Fac Low Low Zio Dee Pro Fac Ext Cet Arc Hub Fac Upp Upp War Pro Fac Upp Upp Zhi Pro Res Tes Res Acc Peak Influence 1526 | 10 379 165 . 151 380 450 . . . . . 88 361 404 366 377 360 . . . . 1156 . . . . 1477 1526 992 1167 Initial 782 | . 6 102 . . . 116 . . . . . . 42 182 161 128 184 . . . . 131 . . . . 3 718 782 504 Average 450 | 5 223 74 . 99 225 231 . . . . . 38 192 250 331 239 219 . . . . 683 . . . . 892 1187 796 868 Maximum Alert Level 4 | . 1 . . . 2 2 . . . . . . 1 2 1 1 1 . . . . 4 . . . . 4 4 3 4 Low Security (%) 36 | 100 31 100 . 100 26 45 . . . . . 100 53 17 4 15 65 . . . . 29 . . . . 9 . . . Level 1 26 | . 69 . . . 73 34 . . . . . . 46 70 95 84 34 . . . . 3 . . . . . . . . Level 2 7 | . . . . . . 20 . . . . . . . 11 . . . . . . . 7 . . . . 24 . 5 15 Level 3 19 | . . . . . . . . . . . . . . . . . . . . . . 49 . . . . 32 35 94 78 Level 4 9 | . . . . . . . . . . . . . . . . . . . . . . 10 . . . . 33 64 . 5 Level 5 . | . . . . . . . . . . . . . . . . . . . . . . . . . . . . . . . High Security . | . . . . . . . . . . . . . . . . . . . . . . . . . . . . . . . Max Security . | . . . . . . . . . . . . . . . . . . . . . . . . . . . . . . . Squads Dispatched 52 | . 7 . . . 2 7 . . . . . 1 3 . . . . . . . . 7 . . . . 11 6 1 7 Investigation 8 | . 3 . . . 2 1 . . . . . 1 . . . . . . . . . . . . . . 1 . . . Extermination 9 | . . . . . . 2 . . . . . . . . . . . . . . . 2 . . . . 2 2 . 1 Reinforcement 20 | . 4 . . . . 4 . . . . . . 3 . . . . . . . . 4 . . . . 2 1 1 1 Assault 13 | . . . . . . . . . . . . . . . . . . . . . . 1 . . . . 5 3 . 4 Garrison 2 | . . . . . . . . . . . . . . . . . . . . . . . . . . . 1 . . 1 Intercept . | . . . . . . . . . . . . . . . . . . . . . . . . . . . . . . . Construction Impeded 6 | . . . . . . 2 . . . . . . . . . . . . . . . 1 . . . . 1 1 . 1 Haulers Reinforced 3 | . . . . . . 1 . . . . . . . . . . . . . . . 1 . . . . 1 . . . Stealth | -11 -10 -10 -10 -9 -8 -7 -7 -7 -7 -7 -6 -6 -6 -6 -6 -6 -5 -5 -5 -5 -4 -4 -4 -4 -4 -3 -3 -3 -2 -1 --------- Run | Scr Mat Min Exi Min Mat Fac Low Low Zio Dee Pro Fac Ext Cet Arc Hub Fac Upp Upp War Pro Fac Upp Upp Zhi Pro Res Tes Res Acc Distress Signals 28 | . 3 . . . 2 3 . . . . . . 1 1 . . 1 . . . . 3 . . . . . . 12 2 Communications Jammed . | . . . . . . . . . . . . . . . . . . . . . . . . . . . . . . . Distress Signals . | . . . . . . . . . . . . . . . . . . . . . . . . . . . . . . . Times Spotted 495 | . 34 12 . 6 43 32 7 4 . 27 5 3 26 9 . 5 3 8 13 15 8 44 1 2 . 8 68 28 20 64 Peak Tracking Total 20 | . 4 3 . 3 9 4 4 4 . 6 4 1 5 5 . 2 2 6 5 8 4 7 1 1 . 4 8 10 5 20 Tactical Retreats 29 | . 1 2 . . 3 5 . 1 . 3 . . . 1 . . . . 1 . . 2 . . . 2 2 3 . 3 Traps | -11 -10 -10 -10 -9 -8 -7 -7 -7 -7 -7 -6 -6 -6 -6 -6 -6 -5 -5 -5 -5 -4 -4 -4 -4 -4 -3 -3 -3 -2 -1 ------- Run | Scr Mat Min Exi Min Mat Fac Low Low Zio Dee Pro Fac Ext Cet Arc Hub Fac Upp Upp War Pro Fac Upp Upp Zhi Pro Res Tes Res Acc Traps Triggered 17 | . 5 . . . . 3 . . . . . 1 7 . . . . . . . . . . . . . 1 . . . Indirectly . | . . . . . . . . . . . . . . . . . . . . . . . . . . . . . . . Trap Hack Attempts . | . . . . . . . . . . . . . . . . . . . . . . . . . . . . . . . Triggered . | . . . . . . . . . . . . . . . . . . . . . . . . . . . . . . . Disarmed . | . . . . . . . . . . . . . . . . . . . . . . . . . . . . . . . Reprogrammed . | . . . . . . . . . . . . . . . . . . . . . . . . . . . . . . . Reused . | . . . . . . . . . . . . . . . . . . . . . . . . . . . . . . . Traps Extracted . | . . . . . . . . . . . . . . . . . . . . . . . . . . . . . . . Installed . | . . . . . . . . . . . . . . . . . . . . . . . . . . . . . . . Triggered 9 | . . . . . . . . . . . . . . . . . . 1 . 6 1 . . . . 1 . . . . Machines | -11 -10 -10 -10 -9 -8 -7 -7 -7 -7 -7 -6 -6 -6 -6 -6 -6 -5 -5 -5 -5 -4 -4 -4 -4 -4 -3 -3 -3 -2 -1 ---------- Run | Scr Mat Min Exi Min Mat Fac Low Low Zio Dee Pro Fac Ext Cet Arc Hub Fac Upp Upp War Pro Fac Upp Upp Zhi Pro Res Tes Res Acc Machines Disabled 39 | . 1 . . 2 2 2 . . . 2 . 1 2 . 3 2 . . . . . 10 . . . . 5 5 2 . Max in Single Turn 4 | . 1 . . 2 1 2 . . . 1 . 1 1 . . 1 . . . . . 4 . . . . 1 1 1 . Garrison Access 3 | . . . . . . . . . . . . . . . . . 1 . . . . . . . . . 1 . 1 . Network Hub 1 | . . . . . . . . . . . . . . . . 1 . . . . . . . . . . . . . . Energy Cycler 1 | . . . . . . . . . . . . . 1 . . . . . . . . . . . . . . . . . Machines Sabotaged . | . . . . . . . . . . . . . . . . . . . . . . . . . . . . . . . Garrisons Compromised . | . . . . . . . . . . . . . . . . . . . . . . . . . . . . . . . Overloaded Fab Kills . | . . . . . . . . . . . . . . . . . . . . . . . . . . . . . . . Fab Network Shutdowns 2 | . . . . . . . . . . . . . . . . . . . . . . 1 . . . . 1 . . . Hacking | -11 -10 -10 -10 -9 -8 -7 -7 -7 -7 -7 -6 -6 -6 -6 -6 -6 -5 -5 -5 -5 -4 -4 -4 -4 -4 -3 -3 -3 -2 -1 --------- Run | Scr Mat Min Exi Min Mat Fac Low Low Zio Dee Pro Fac Ext Cet Arc Hub Fac Upp Upp War Pro Fac Upp Upp Zhi Pro Res Tes Res Acc Machines Accessed 53 | . 7 . 1 . 7 8 . . 1 . 1 4 5 1 . . 1 1 . 2 . 5 1 . 4 . 3 . 1 . Terminals 25 | . 4 . . . 4 6 . . . . 1 4 4 1 . . . 1 . . . . . . . . . . . . Fabricators 6 | . . . . . . 2 . . . . . . . . . . . . . . . 2 . . . . 2 . . . Repair Stations 2 | . 1 . . . . . . . . . . . 1 . . . . . . . . . . . . . . . . . Recycling Units 4 | . 2 . . . 2 . . . . . . . . . . . . . . . . . . . . . . . . . Scanalyzers 4 | . . . . . 1 . . . . . . . . . . . . . . . . 3 . . . . . . . . Garrison Access 3 | . . . . . . . . . . . . . . . . . 1 . . . . . . . . . 1 . 1 . Total Hacks 123 | . 11 . 1 . 17 19 . . 3 . 1 7 7 1 . . 2 1 . 6 . 18 1 . 17 . 10 . 1 . Successful 75 | . 7 . 1 . 10 7 . . 3 . 1 2 5 . . . 1 1 . 6 . 8 1 . 17 . 5 . . . Failed 48 | . 4 . . . 7 12 . . . . . 5 2 1 . . 1 . . . . 10 . . . . 5 . 1 . Catastrophic 15 | . 1 . . . 1 5 . . . . . 2 . 1 . . . . . . . 3 . . . . 1 . 1 . Database Lockouts . | . . . . . . . . . . . . . . . . . . . . . . . . . . . . . . . Manual 39 | . 9 . . . 10 7 . . 5 . . 1 . 1 . . . . . 1 . . . . . . 5 . . . Terminals 45 | . 7 . . . 12 11 . . . . 1 7 5 1 . . . 1 . . . . . . . . . . . . Fabricators 23 | . . . . . . 8 . . . . . . . . . . . . . . . 6 . . . . 9 . . . Repair Stations 4 | . 2 . . . . . . . . . . . 2 . . . . . . . . . . . . . . . . . Recycling Units 4 | . 2 . . . 2 . . . . . . . . . . . . . . . . . . . . . . . . . Scanalyzers 15 | . . . . . 3 . . . . . . . . . . . . . . . . 12 . . . . . . . . Garrison Access 4 | . . . . . . . . . . . . . . . . . 2 . . . . . . . . . 1 . 1 . Terminal Hacks 41 | . . . 1 . 3 2 . . 3 . 1 2 4 . . . . 1 . 6 . . 1 . 17 . . . . . Record 8 | . . . 1 . . . . . . . 1 . . . . . . 1 . . . . . . 5 . . . . . Part Schematic 7 | . . . . . . . . . 3 . . . . . . . . . . . . . . . 4 . . . . . Robot Analysis 5 | . . . . . . 1 . . . . . . . . . . . . . . . . . . 4 . . . . . Prototype ID Bank 10 | . . . . . 1 . . . . . . . . . . . . . . 5 . . . . 4 . . . . . Open Door 7 | . . . . . . . . . . . . 1 4 . . . . . . 1 . . 1 . . . . . . . Branch Access Points 3 | . . . . . 1 1 . . . . . 1 . . . . . . . . . . . . . . . . . . Unreport Threat 1 | . . . . . 1 . . . . . . . . . . . . . . . . . . . . . . . . . Fabricator Hacks 9 | . . . . . . 4 . . . . . . . . . . . . . . . 3 . . . . 2 . . . Load Schematic 3 | . . . . . . 1 . . . . . . . . . . . . . . . 1 . . . . 1 . . . Build 6 | . . . . . . 3 . . . . . . . . . . . . . . . 2 . . . . 1 . . . Repair Station Hacks 3 | . 2 . . . . . . . . . . . 1 . . . . . . . . . . . . . . . . . Scan Component 2 | . 1 . . . . . . . . . . . 1 . . . . . . . . . . . . . . . . . Repair 1 | . 1 . . . . . . . . . . . . . . . . . . . . . . . . . . . . . Recycling Unit Hacks . | . . . . . . . . . . . . . . . . . . . . . . . . . . . . . . . Scanalyzer 7 | . . . . . 2 . . . . . . . . . . . . . . . . 5 . . . . . . . . Insert Component 4 | . . . . . 1 . . . . . . . . . . . . . . . . 3 . . . . . . . . Analyze 3 | . . . . . 1 . . . . . . . . . . . . . . . . 2 . . . . . . . . Garrison Access Hacks 1 | . . . . . . . . . . . . . . . . . 1 . . . . . . . . . . . . . Seal Access 1 | . . . . . . . . . . . . . . . . . 1 . . . . . . . . . . . . . Unauthorized Hacks 14 | . 5 . . . 5 1 . . . . . . . . . . . . . . . . . . . . 3 . . . Terminals 7 | . 3 . . . 3 1 . . . . . . . . . . . . . . . . . . . . . . . . Track 1 | . . . . . 1 . . . . . . . . . . . . . . . . . . . . . . . . . Assimilate 1 | . . . . . . 1 . . . . . . . . . . . . . . . . . . . . . . . . Botnet 4 | . 2 . . . 2 . . . . . . . . . . . . . . . . . . . . . . . . . Operators 1 | . 1 . . . . . . . . . . . . . . . . . . . . . . . . . . . . . Fabricators 3 | . . . . . . . . . . . . . . . . . . . . . . . . . . . 3 . . . Prioritize 1 | . . . . . . . . . . . . . . . . . . . . . . . . . . . 1 . . . Siphon 1 | . . . . . . . . . . . . . . . . . . . . . . . . . . . 1 . . . Haulers 1 | . . . . . . . . . . . . . . . . . . . . . . . . . . . 1 . . . Repair Stations . | . . . . . . . . . . . . . . . . . . . . . . . . . . . . . . . Recycling Units 4 | . 2 . . . 2 . . . . . . . . . . . . . . . . . . . . . . . . . Tunnel 4 | . 2 . . . 2 . . . . . . . . . . . . . . . . . . . . . . . . . Scanalyzers . | . . . . . . . . . . . . . . . . . . . . . . . . . . . . . . . Garrison Access . | . . . . . . . . . . . . . . . . . . . . . . . . . . . . . . . Data Cores Recovered 2 | . . . . . . . . . . . . . 1 . . . . . . . . . . . . . 1 . . . Used . | . . . . . . . . . . . . . . . . . . . . . . . . . . . . . . . Hacking Detections 30 | . 4 . . . 5 8 . . . . 1 3 1 1 . . . . . . . 4 . . . . 2 . 1 . Full Trace Events 1 | . . . . . . 1 . . . . . . . . . . . . . . . . . . . . . . . . Feedback Events . | . . . . . . . . . . . . . . . . . . . . . . . . . . . . . . . Feedback Blocked . | . . . . . . . . . . . . . . . . . . . . . . . . . . . . . . . Robot Schematics Acquired . | . . . . . . . . . . . . . . . . . . . . . . . . . . . . . . . Robots Built 2 | . . . . . . . . . . . . . . . . . . . . . . 2 . . . . . . . . Matter 318 | . . . . . . . . . . . . . . . . . . . . . . 318 . . . . . . . . Time 84 | . . . . . . . . . . . . . . . . . . . . . . 84 . . . . . . . . Total Robot Build Rating 12 | . . . . . . . . . . . . . . . . . . . . . . 12 . . . . . . . . Part Schematics Acquired 9 | . . . . . 1 . . . 3 . . . . . . . . . . . . 1 . . 4 . . . . . Parts Built 1 | . . . . . . 1 . . . . . . . . . . . . . . . . . . . . . . . . Matter 1053 | . . . . . . 285 . . . . . . . . . . . . . . . 384 . . . . 384 . . . Time 484 | . . . . . . 76 . . . . . . . . . . . . . . . 204 . . . . 204 . . . Total Part Build Rating 5 | . . . . . . 5 . . . . . . . . . . . . . . . . . . . . . . . . Parts Repaired 1 | . 1 . . . . . . . . . . . . . . . . . . . . . . . . . . . . . Time 32 | . 32 . . . . . . . . . . . . . . . . . . . . . . . . . . . . . Parts Recycled . | . . . . . . . . . . . . . . . . . . . . . . . . . . . . . . . Recycled Matter . | . . . . . . . . . . . . . . . . . . . . . . . . . . . . . . . Retrieved Matter . | . . . . . . . . . . . . . . . . . . . . . . . . . . . . . . . Retrieved Components . | . . . . . . . . . . . . . . . . . . . . . . . . . . . . . . . Parts Scanalyzed 3 | . . . . . 1 . . . . . . . . . . . . . . . . 2 . . . . . . . . Part Schematics Acquired 2 | . . . . . 1 . . . . . . . . . . . . . . . . 1 . . . . . . . . Parts Damaged . | . . . . . . . . . . . . . . . . . . . . . . . . . . . . . . . Bothacking | -11 -10 -10 -10 -9 -8 -7 -7 -7 -7 -7 -6 -6 -6 -6 -6 -6 -5 -5 -5 -5 -4 -4 -4 -4 -4 -3 -3 -3 -2 -1 ------------ Run | Scr Mat Min Exi Min Mat Fac Low Low Zio Dee Pro Fac Ext Cet Arc Hub Fac Upp Upp War Pro Fac Upp Upp Zhi Pro Res Tes Res Acc Used RIF Installer . | . . . . . . . . . . . . . . . . . . . . . . . . . . . . . . . Robots Hacked . | . . . . . . . . . . . . . . . . . . . . . . . . . . . . . . . Non-combat . | . . . . . . . . . . . . . . . . . . . . . . . . . . . . . . . Combat . | . . . . . . . . . . . . . . . . . . . . . . . . . . . . . . . Robot Hacks Applied . | . . . . . . . . . . . . . . . . . . . . . . . . . . . . . . . Relay Couplers Released 3 | . . . . . . . . . . . . . . . . . . . . . . . . . . . 2 . 1 . Machine Destruction 3 | . . . . . . . . . . . . . . . . . . . . . . . . . . . 2 . 1 . Robots Rewired 12 | . . . . . . 1 . . . . . . 7 . . . . . . 3 . . . . . . . 1 . . Allies Hacked 3 | . . . . . . . . . . . . . 2 . . . . . . . . 1 . . . . . . . . Hacks Repelled . | . . . . . . . . . . . . . . . . . . . . . . . . . . . . . . . Allies | -11 -10 -10 -10 -9 -8 -7 -7 -7 -7 -7 -6 -6 -6 -6 -6 -6 -5 -5 -5 -5 -4 -4 -4 -4 -4 -3 -3 -3 -2 -1 -------- Run | Scr Mat Min Exi Min Mat Fac Low Low Zio Dee Pro Fac Ext Cet Arc Hub Fac Upp Upp War Pro Fac Upp Upp Zhi Pro Res Tes Res Acc Total Allies 38 | . . 3 . . . 2 . . 3 . . . 19 5 . . . . . 3 . 2 . . . . . 1 . . Largest Group 11 | . . 3 3 3 1 1 . . 3 3 . . 11 8 8 8 4 4 2 3 2 4 . . . . . 1 . . Highest-Rated Group 563 | . . 40 40 40 16 32 . . 70 70 . . 449 563 563 550 363 347 165 169 120 218 . . . . . 156 . . Highest-Rated Ally 156 | . . 16 16 16 16 32 . . 31 31 . . 156 129 94 94 94 94 94 60 60 60 . . . . . 156 . . Total Orders 38 | . . . . . . 2 . . . . . . 3 2 5 8 1 2 . . . 5 . . . . 4 5 1 . STAY 7 | . . . . . . 1 . . . . . . 1 1 . 1 . 1 . . . 1 . . . . . 1 . . ROAM 1 | . . . . . . . . . . . . . . . 1 . . . . . . . . . . . . . . . FOLLOW 10 | . . . . . . 1 . . . . . . . 1 4 1 . 1 . . . 1 . . . . . 1 . . RETURN 20 | . . . . . . . . . . . . . 2 . . 6 1 . . . . 3 . . . . 4 3 1 . Ally Attacks 415 | . . . . 20 3 10 . . . 30 . . 142 74 29 29 17 8 2 10 . 14 . . . . . 27 . . Total Damage 12102 | . . . . 220 30 411 . . . 1178 . . 2700 1570 1060 767 712 278 35 365 . 445 . . . . . 2331 . . Kills 75 | . . . . 6 . 4 . . . 9 . . 13 9 4 5 3 1 . 3 . 4 . . . . . 14 . . Allies Corrupted 1 | . . . . . . . . . . . . . . . . 1 . . . . . . . . . . . . . . Allies Melted 1 | . . . . . . . . . . . . . 1 . . . . . . . . . . . . . . . . . Intel | -11 -10 -10 -10 -9 -8 -7 -7 -7 -7 -7 -6 -6 -6 -6 -6 -6 -5 -5 -5 -5 -4 -4 -4 -4 -4 -3 -3 -3 -2 -1 ------- Run | Scr Mat Min Exi Min Mat Fac Low Low Zio Dee Pro Fac Ext Cet Arc Hub Fac Upp Upp War Pro Fac Upp Upp Zhi Pro Res Tes Res Acc Robot Analysis Total 5 | . . . . . . 1 . . . . . . . . . . . . . . . . . . 4 . . . . . Derelict Logs Recovered 11 | . . 1 . . . . 1 1 1 . 3 . . . . . . 2 1 . . . . 1 . . . . . . Drone Launches 20 | . . . . . . . . . . . . . 2 . . 5 1 . . . . 3 . . . . 5 3 1 . Drone Recoveries 20 | . . . . . . . . . . . . . 2 . . 5 1 . . . . 3 . . . . 5 3 1 . Exploration | -11 -10 -10 -10 -9 -8 -7 -7 -7 -7 -7 -6 -6 -6 -6 -6 -6 -5 -5 -5 -5 -4 -4 -4 -4 -4 -3 -3 -3 -2 -1 ------------- Run | Scr Mat Min Exi Min Mat Fac Low Low Zio Dee Pro Fac Ext Cet Arc Hub Fac Upp Upp War Pro Fac Upp Upp Zhi Pro Res Tes Res Acc Turns Passed 25975 | 97 1000 1273 582 527 1515 1693 759 1027 1256 2467 1113 399 1080 288 212 329 434 824 675 1062 348 1028 491 435 242 447 2067 914 856 535 Spaces Moved 13571 | 45 491 629 324 296 621 819 408 587 774 1401 643 235 539 175 120 206 248 418 364 576 180 494 302 263 136 236 925 425 397 294 Core 112 | 3 . . . . . . . . . . . . . . . . . . . . . . . . . . . . . 109 Treads 8941 | 42 491 629 324 180 249 315 193 . . 803 384 . 199 7 . 6 218 418 364 576 180 494 302 263 136 236 925 425 397 185 Legs 255 | . . . . . 174 . . . . 80 . . 1 . . . . . . . . . . . . . . . . . Wheels 3904 | . . . . 116 198 504 215 587 774 159 259 235 339 168 120 200 30 . . . . . . . . . . . . . Hover 359 | . . . . . . . . . . 359 . . . . . . . . . . . . . . . . . . . . Flight . | . . . . . . . . . . . . . . . . . . . . . . . . . . . . . . . Fastest Speed 48 | 50 160 180 180 110 106 150 160 160 150 48 130 130 130 130 130 130 130 160 160 160 160 160 160 160 160 160 155 155 161 50 Average Speed 159 | 152 166 180 180 166 159 174 174 162 159 148 165 130 155 131 130 130 156 160 160 160 160 162 160 160 160 160 160 158 161 121 Slowest Speed 270 | 160 220 180 180 220 270 240 190 170 160 210 205 130 210 180 130 160 160 160 160 160 160 200 160 160 180 160 180 161 161 190 Overloaded Moves . | . . . . . . . . . . . . . . . . . . . . . . . . . . . . . . . Propulsion Burnouts . | . . . . . . . . . . . . . . . . . . . . . . . . . . . . . . . Robots Hopped . | . . . . . . . . . . . . . . . . . . . . . . . . . . . . . . . Cave-ins Triggered 1 | . . . . . . . . . . . . 1 . . . . . . . . . . . . . . . . . . Exploration Rate (%) 53 | 4 96 94 81 71 50 30 58 76 85 77 76 8 71 58 94 30 10 62 54 76 37 19 65 46 59 45 28 62 16 11 Regions Visited 30 Branch Regions 21 Pre-discovered Areas 12 | . 2 2 . . 2 . 1 . 1 . . . . . . . . . 1 . . . . . 3 . . . . . Known Exits Taken 24 | . . . . . . 1 1 1 1 1 1 1 1 1 1 1 1 1 1 1 1 1 1 1 1 1 1 1 1 . Unknown Exits Taken 6 | 1 1 1 1 1 1 . . . . . . . . . . . . . . . . . . . . . . . . . Scrap Searched 26 | . . 1 . 3 . . 1 7 2 . 1 . . . . . . 3 3 . 1 . 3 . . 1 . . . . Spaces Dug 109 | . . . . . 1 7 . 17 . . . 19 4 . . . . 6 . 15 2 16 . . . 6 8 1 . 7 Terrain Destroyed 619 | . 8 . . . 7 14 1 19 . 2 1 19 27 . . 177 . 8 12 17 7 75 1 2 . 16 73 59 27 47 Melee 30 | . . . . . 1 7 . 17 . . . 1 4 . . . . . . . . . . . . . . . . . Projectile 183 | . . . . . . 4 1 . . 2 1 18 5 . . . . 4 1 2 5 27 1 2 . 16 58 14 13 9 AOE 406 | . 8 . . . 6 3 . 2 . . . . 18 . . 177 . 4 11 15 2 48 . . . . 15 45 14 38 Terrain Rammed . | . . . . . . . . . . . . . . . . . . . . . . . . . . . . . . . Walls Destroyed . | . . . . . . . . . . . . . . . . . . . . . . . . . . . . . . . Machines Disabled . | . . . . . . . . . . . . . . . . . . . . . . . . . . . . . . . Actions | -11 -10 -10 -10 -9 -8 -7 -7 -7 -7 -7 -6 -6 -6 -6 -6 -6 -5 -5 -5 -5 -4 -4 -4 -4 -4 -3 -3 -3 -2 -1 --------- Run | Scr Mat Min Exi Min Mat Fac Low Low Zio Dee Pro Fac Ext Cet Arc Hub Fac Upp Upp War Pro Fac Upp Upp Zhi Pro Res Tes Res Acc Total 16388 | 62 600 698 323 313 928 1002 432 622 788 1698 681 300 705 225 175 253 285 559 435 695 209 615 310 270 157 272 1248 594 548 386 Wait 878 | 1 26 20 . 2 82 45 1 . . 74 19 23 29 7 55 31 18 114 49 7 7 36 . 1 . 15 61 54 88 13 Move 13540 | 44 490 628 323 295 620 818 407 586 773 1400 642 233 538 174 119 205 247 417 363 575 179 493 301 262 135 235 924 424 396 294 Hop . | . . . . . . . . . . . . . . . . . . . . . . . . . . . . . . . Pick Up 174 | 6 12 4 . 5 26 14 . 1 2 39 1 3 5 6 . . . 4 1 1 . 3 1 . 2 1 28 3 3 3 Fast Attach 138 | 6 9 1 . . 12 9 1 1 3 30 2 4 2 6 . 1 1 1 1 . . 2 . . 7 1 20 11 5 2 Attach 87 | 1 1 5 . 1 23 3 . . . 9 . 2 1 1 . . 2 1 . . . 1 . . 1 . 21 6 2 6 Detach 64 | . . . . . 5 . . . . 8 . 1 2 2 . . 1 4 1 . . 1 4 . 2 . 11 9 7 6 Swap 276 | . 9 . . 2 30 25 10 6 1 24 8 5 25 6 1 8 9 5 4 1 7 17 2 5 . 4 29 13 14 6 Drop 241 | . 11 . . . 20 28 1 3 6 47 3 5 7 14 . 1 1 5 1 6 . 5 1 . 8 1 40 16 4 7 Fire 737 | 4 36 34 . 6 105 38 12 8 . 66 6 22 29 9 . 4 4 8 15 16 16 54 1 2 2 14 112 37 28 49 Melee 38 | . . . . . 1 11 . 17 3 . . 1 5 . . . . . . . . . . . . . . . . . Ram . | . . . . . . . . . . . . . . . . . . . . . . . . . . . . . . . Kick 2 | . . . . . 2 . . . . . . . . . . . . . . . . . . . . . . . . . Crush 38 | . 6 6 . 2 2 6 . . . 1 . . 3 . . 3 2 . . . . 3 . . . . 2 1 1 . Escape Stasis 14 | . . . . . . . . . . . . 1 13 . . . . . . . . . . . . . . . . . Rewire 161 | . . . . . . 5 . . . . . . 46 . . . . . . 89 . . . . . 1 . 20 . . Trap . | . . . . . . . . . . . . . . . . . . . . . . . . . . . . . . . Miscellaneous . | . . . . . . . . . . . . . . . . . . . . . . . . . . . . . . . Route ------- -11/Scrapyard -10/Materials (discovered 5 exits: [*Mat x3] / [*Min x2]) -10/Mines (discovered 3 exits: [*Mat x2] / *Exi) -10/Exiles -9/Mines -8/Materials -7/Factory (discovered 4 exits: *Fac / *Sto / *Low x2) -7/Lower Caves -7/Lower Caves (discovered 2 exits: *Fac / *Zio) -7/Zion (discovered 2 exits: *Dee / [*Pro]) -7/Deep Caves -6/Proximity Caves -6/Factory (discovered 6 exits: *Fac x2 / Low x2 / *Ext x2) -6/Extension (discovered 3 exits: *Fac x2 / *Cet) -6/Cetus -6/Archives (discovered 3 exits: *Fac / *Hub x2) -6/Hub_04(d) (discovered 2 exits: *Fac x2) -5/Factory (discovered 2 exits: *Fac / *Upp) -5/Upper Caves -5/Upper Caves -5/Warlord -4/Proximity Caves -4/Factory (discovered 3 exits: *Res x2 / *Upp) -4/Upper Caves -4/Upper Caves (discovered 2 exits: *Res / *Zhi) -4/Zhirov -3/Proximity Caves -3/Research -3/Testing -2/Research -1/Access History --------- Turn | Location | Event 36 | -11/Scrapyard | Discovered new exit (range 16) 98 | -11/Scrapyard | Entered Materials 217 | -10/Materials | Discovered new exit (range 12) 308 | -10/Materials | Build established: Mutant 378 | -10/Materials | Discovered new exit (range 6) 535 | -10/Materials | Repaired Imp. Terrain Scanner? 621 | -10/Materials | Discovered new exit (range 16) 965 | -10/Materials | Discovered new exit (range 5) 1065 | -10/Materials | Build established: Hauler-Mutant 1078 | -10/Materials | Discovered new exit (range 7) 1098 | -10/Materials | Entered Mines 1612 | -10/Mines | Learned location of Storage (-7) 1847 | -10/Mines | Discovered new exit (range 14) 1891 | -10/Mines | Core integrity fell below 50% 1913 | -10/Mines | Lost 4 parts (1p2n1w) 2155 | -10/Mines | Deemed a non-threat by the Exiles lab entrance 2155 | -10/Mines | Discovered new exit (range 5) 2221 | -10/Mines | Discovered new exit (range 11) 2223 | -10/Mines | Found a damaged Exp. Sensor Array with a note attached 2227 | -10/Mines | Found Prototype Device 2271 | -10/Mines | Assisted by bots powering up and referring to "LRC-V3" 2371 | -10/Mines | Entered Exiles 2371 | -10/Exiles | Found Exiles lab abandoned 2371 | -10/Exiles | Accompanied by 3 allies 2935 | -10/Exiles | Discovered new exit (range 11) 2953 | -10/Exiles | Entered Mines 2953 | -9/Mines | Accompanied by 3 allies 3455 | -9/Mines | Discovered new exit (range 8) 3480 | -9/Mines | Entered Materials 3480 | -8/Materials | Accompanied by 1 ally 3480 | -8/Materials | Evolved 4 slots: Propulsion x1, Utility x2, Weapon x1 3481 | -8/Materials | Identified Exp. Sensor Array 3896 | -8/Materials | Lost 6 parts (1p3u2w) 4238 | -8/Materials | System corruption reached 10% 4275 | -8/Materials | Lost 5 parts (1p1u3w) 4678 | -8/Materials | Lost 4 parts (2u2w) 4811 | -8/Materials | Core integrity fell below 50% 4847 | -8/Materials | Lost 3 parts (1n2w) 4969 | -8/Materials | Discovered new exit (range 11) 4995 | -8/Materials | Entered Factory 4995 | -7/Factory | Evolved 2 slots: Propulsion x1, Utility x1 5261 | -7/Factory | Build established: Scavenger-Skirmisher 5349 | -7/Factory | Discovered new exit (range 11) 5367 | -7/Factory | Identified exit to Storage 5757 | -7/Factory | Discovered new exit (range 4) 5788 | -7/Factory | Identified exit to Factory 6070 | -7/Factory | Build established: Hauler-Tank 6209 | -7/Factory | Identified exit to Lower Caves 6520 | -7/Factory | Fabricated Exp. Sensor Array? 6688 | -7/Factory | Entered Lower Caves 6988 | -7/Lower Caves | Build established: Hauler-Mutant 7381 | -7/Lower Caves | Learned location of Zion (-7) 7424 | -7/Lower Caves | Discovered new exit (range 10) 7437 | -7/Lower Caves | Identified exit to Lower Caves 7447 | -7/Lower Caves | Entered another Lower Caves area 7596 | -7/Lower Caves | Discovered exit to Factory (range 8) 7807 | -7/Lower Caves | Learned Factory terminal intel 8067 | -7/Lower Caves | Discovered new exit (range 9) 8086 | -7/Lower Caves | Identified exit to Zion 8474 | -7/Lower Caves | Entered Zion 8498 | -7/Zion | Given the Hacking Drone Bay 8499 | -7/Zion | Found Prototype Device 8546 | -7/Zion | Discovered new exit (range 16) 8557 | -7/Zion | Found CR-A16's Pointy Stick 8705 | -7/Zion | Learned location of Recycling (-7) 8895 | -7/Zion | Learned Factory emergency access door positions 9061 | -7/Zion | Acquired unknown access codes intercepted by a Zionite 9378 | -7/Zion | Received a hallucinogenic algorithm 9519 | -7/Zion | Gained Derelict followers 9696 | -7/Zion | Opened final containment barrier to the Deep Caves 9723 | -7/Zion | Discovered new exit (range 3) 9723 | -7/Zion | Saw the warning signs outside the Deep Caves entrance 9726 | -7/Zion | Identified exit to Deep Caves 9730 | -7/Zion | Entered Deep Caves 9730 | -7/Deep Caves | Accompanied by 3 allies 9990 | -7/Deep Caves | Identified Hacking Drone Bay 9994 | -7/Deep Caves | Attacked by Z-Imprinter 10024 | -7/Deep Caves | Destroyed Z-Imprinter 10045 | -7/Deep Caves | Found Prototype Device 10045 | -7/Deep Caves | Identified Zio. Metafield Generator 10076 | -7/Deep Caves | Found Prototype Protection 10076 | -7/Deep Caves | Identified Zio. Weapon Casing 10087 | -7/Deep Caves | Found Zio. Weapon Casing 10092 | -7/Deep Caves | Found Zio. Weapon Casing 10227 | -7/Deep Caves | Z-Facility disabled 10333 | -7/Deep Caves | Lost 3 parts (1p1u1w) 10361 | -7/Deep Caves | Found Zio. Weapon Casing 10363 | -7/Deep Caves | Found Zio. Weapon Casing 10366 | -7/Deep Caves | Found Zio. Weapon Casing 10426 | -7/Deep Caves | Found Prototype Protection 10426 | -7/Deep Caves | Identified Zio. Heavy Carapace 10871 | -7/Deep Caves | Discovered new exit (range 6) 10878 | -7/Deep Caves | Identified exit to Proximity Caves 11192 | -7/Deep Caves | Spotted as-37769 11196 | -7/Deep Caves | Exposed GOLEM chamber 11213 | -7/Deep Caves | Destroyed as-37769 11241 | -7/Deep Caves | Lost 5 parts (3n1u1w) 11381 | -7/Deep Caves | Found Zio. Weapon Casing 11386 | -7/Deep Caves | Found Zio. Weapon Casing 11389 | -7/Deep Caves | Found Zio. Weapon Casing 11725 | -7/Deep Caves | Build established: Scavenger-Mutant 11756 | -7/Deep Caves | Spotted as-30051 11767 | -7/Deep Caves | Destroyed as-30051 11777 | -7/Deep Caves | Found GOLEM Unit 11780 | -7/Deep Caves | Spotted as-15839 11787 | -7/Deep Caves | Core integrity fell below 50% 11803 | -7/Deep Caves | Destroyed as-15839 11819 | -7/Deep Caves | Found GOLEM Unit 12197 | -7/Deep Caves | Entered Proximity Caves 12503 | -6/Proximity Caves | Build established: Hauler-Mutant 12927 | -6/Proximity Caves | Learned Factory emergency access door positions 12952 | -6/Proximity Caves | Learned 4 Factory zone layouts 12970 | -6/Proximity Caves | Build established: Hauler-Skirmisher 13181 | -6/Proximity Caves | Learned 4 Factory zone layouts 13310 | -6/Proximity Caves | Entered Factory 13310 | -6/Factory | Evolved 2 slots: Propulsion x2 13311 | -6/Factory | Identified exit to Lower Caves 13311 | -6/Factory | Identified exit to Factory 13313 | -6/Factory | Loaded intel: 21 terminal locations 13419 | -6/Factory | Crushed by falling debris 13510 | -6/Factory | Identified exit to Extension 13579 | -6/Factory | Discovered exit to Factory (range 13) 13709 | -6/Factory | Entered Extension 13756 | -6/Extension | Rescued a captive Derelict 13757 | -6/Extension | Rescued a captive Derelict 13788 | -6/Extension | Rescued a captive Derelict 13788 | -6/Extension | Rescued a captive Derelict 13929 | -6/Extension | Rescued a captive Derelict 14267 | -6/Extension | Rescued A7 14350 | -6/Extension | P-60 Hacker assimilated allied 1R-GXL(h) 14379 | -6/Extension | Spotted B-75 Beast 14383 | -6/Extension | Spotted B-75 Beast 14404 | -6/Extension | Allies destroyed B-75 Beast 14418 | -6/Extension | Destroyed B-75 Beast 14505 | -6/Extension | Energy Cycler disabled 14505 | -6/Extension | Rescued a captive Derelict 14506 | -6/Extension | Rescued a captive Derelict 14506 | -6/Extension | Rescued a captive Derelict 14508 | -6/Extension | Rescued a captive Derelict 14510 | -6/Extension | Rescued a captive Derelict 14513 | -6/Extension | Rescued a captive Derelict 14523 | -6/Extension | Rescued a captive Derelict 14709 | -6/Extension | Build established: Scavenger-Mutant 14709 | -6/Extension | Disrupted transfer network 14761 | -6/Extension | Discovered new exit (range 6) 14772 | -6/Extension | Identified exit to Cetus 14789 | -6/Extension | Entered Cetus 14789 | -6/Cetus | Accompanied by 7 allies (A7) 14794 | -6/Cetus | Acquired a Cetus Manufacturing Module code from A7 14810 | -6/Cetus | Spotted Cetus Guard 14810 | -6/Cetus | Spotted Cetus Guard 14816 | -6/Cetus | Spotted Cetus Guard 14819 | -6/Cetus | Extracted ID and sensor layout for unrecognized location from A7's data core 14823 | -6/Cetus | Spotted Cetus Guard 14831 | -6/Cetus | Allies destroyed Cetus Guard 14833 | -6/Cetus | Allies destroyed Cetus Guard 14840 | -6/Cetus | Allies destroyed Cetus Guard 14844 | -6/Cetus | Allies destroyed Cetus Guard 14899 | -6/Cetus | Started Cetus Manufacturing Module 14924 | -6/Cetus | Manufactured an Enhanced Grunt 14949 | -6/Cetus | Manufactured an Enhanced Grunt 14974 | -6/Cetus | Manufactured an Enhanced Grunt 14999 | -6/Cetus | Manufactured an Enhanced Grunt 15024 | -6/Cetus | Manufactured an Enhanced Grunt 15052 | -6/Cetus | Discovered new exit (range 15) 15071 | -6/Cetus | Identified exit to Archives 15077 | -6/Cetus | Entered Archives 15077 | -6/Archives | Accompanied by 8 allies 15141 | -6/Archives | Discovered exit to Factory (range 13) 15185 | -6/Archives | Discovered new exit (range 15) 15203 | -6/Archives | Identified exit to Hub_04(d) 15266 | -6/Archives | Discovered exit to Hub_04(d) (range 13) 15289 | -6/Archives | Entered Hub_04(d) 15289 | -6/Hub_04(d) | Accompanied by 8 allies 15312 | -6/Hub_04(d) | Discovered exit to Factory (range 15) 15516 | -6/Hub_04(d) | Discovered exit to Factory (range 16) 15597 | -6/Hub_04(d) | Network Hub disabled 15618 | -6/Hub_04(d) | Entered Factory 15618 | -5/Factory | Accompanied by 4 allies 15618 | -5/Factory | Evolved 2 slots: Utility x2 15831 | -5/Factory | Discovered new exit (range 3) 15834 | -5/Factory | Identified exit to Factory 15852 | -5/Factory | Build established: Hauler-Mutant 15896 | -5/Factory | Spotted B-75 Beast 15906 | -5/Factory | Allies destroyed B-75 Beast 15971 | -5/Factory | Discovered new exit (range 5) 15990 | -5/Factory | Identified exit to Upper Caves 16052 | -5/Factory | Entered Upper Caves 16052 | -5/Upper Caves | Accompanied by 4 allies 16458 | -5/Upper Caves | Learned 4 Factory zone layouts 16505 | -5/Upper Caves | Spotted B-75 Beast 16512 | -5/Upper Caves | Destroyed B-75 Beast 16609 | -5/Upper Caves | Learned Factory security intel 16740 | -5/Upper Caves | Discovered new exit (range 5) 16743 | -5/Upper Caves | Identified exit to Upper Caves 16876 | -5/Upper Caves | Entered another Upper Caves area 16876 | -5/Upper Caves | Accompanied by 2 allies 17290 | -5/Upper Caves | Learned location of Armory (-3) 17544 | -5/Upper Caves | Discovered new exit (range 5) 17549 | -5/Upper Caves | Identified exit to Warlord 17551 | -5/Upper Caves | Entered Warlord 17604 | -5/Warlord | System corruption cleaned by Quarantine Array 18035 | -5/Warlord | Received a Watcher feed algorithm from an ecstatic Tinkerer 18288 | -5/Warlord | Met Warlord 18313 | -5/Warlord | Warlord's base attacked by MAIN.C 18411 | -5/Warlord | Met EX-DEC 18416 | -5/Warlord | Found Prototype Energy Cannon 18534 | -5/Warlord | Warlord forces counterattacked 18596 | -5/Warlord | Discovered new exit (range 12) 18610 | -5/Warlord | Identified exit to Proximity Caves 18613 | -5/Warlord | Entered Proximity Caves 18613 | -4/Proximity Caves | Accompanied by 2 allies 18917 | -4/Proximity Caves | Discovered exit to Factory (range 13) 18961 | -4/Proximity Caves | Entered Factory 18961 | -4/Factory | Accompanied by 2 allies 18961 | -4/Factory | Evolved 2 slots: Power x1, Weapon x1 18962 | -4/Factory | Identified exit to Upper Caves 18962 | -4/Factory | Identified exit to Research 19124 | -4/Factory | Fabricated Y-64 Sentinel? 19372 | -4/Factory | Local fabrication network quarantined 19705 | -4/Factory | Discovered exit to Research (range 14) 19761 | -4/Factory | First assault squad dispatched 19989 | -4/Factory | Entered Upper Caves 20214 | -4/Upper Caves | Encountered a Warlord checkpoint 20470 | -4/Upper Caves | Discovered new exit (range 5) 20478 | -4/Upper Caves | Identified exit to Upper Caves 20480 | -4/Upper Caves | Entered another Upper Caves area 20480 | -4/Upper Caves | Discovered exit to Research (range 10) 20485 | -4/Upper Caves | Learned Research emergency access door positions 20866 | -4/Upper Caves | Encountered a Warlord checkpoint 20899 | -4/Upper Caves | Discovered new exit (range 11) 20914 | -4/Upper Caves | Identified exit to Zhirov 20915 | -4/Upper Caves | Entered Zhirov 20915 | -4/Zhirov | Discovered new exit (range 3) 20944 | -4/Zhirov | Met Zhirov 20979 | -4/Zhirov | Learned location of Quarantine (-2) 20979 | -4/Zhirov | Learned location of Testing (-3) 20979 | -4/Zhirov | Learned location of Command (-1) 20989 | -4/Zhirov | Zhirov requested help retrieving the SGEMP Prototype 21015 | -4/Zhirov | Found Alien Artifact 21015 | -4/Zhirov | Identified Integrated Reactor 21015 | -4/Zhirov | Installed Integrated Reactor, increased core energy generation (+10) 21155 | -4/Zhirov | Identified exit to Proximity Caves 21157 | -4/Zhirov | Entered Proximity Caves 21449 | -3/Proximity Caves | Build established: Hauler-Skirmisher 21563 | -3/Proximity Caves | Discovered exit to Research (range 7) 21604 | -3/Proximity Caves | Entered Research 21604 | -3/Research | Evolved 2 slots: Utility x1, Weapon x1 21623 | -3/Research | Spotted B-86 Titan 21641 | -3/Research | Destroyed B-86 Titan 21800 | -3/Research | Local fabrication network quarantined 21943 | -3/Research | Found Prototype Protection 21943 | -3/Research | Identified Centrium Heavy Armor Plating 22502 | -3/Research | Garrison activated, responded to threat 22582 | -3/Research | Spotted B-86 Titan 22627 | -3/Research | Destroyed B-86 Titan 23104 | -3/Research | First assault squad dispatched 23380 | -3/Research | Lost 4 parts (1n1u2w) 23638 | -3/Research | Lost 3 parts (1p2w) 23640 | -3/Research | Discovered new exit (range 6) 23669 | -3/Research | Identified exit to Testing 23671 | -3/Research | Entered Testing 23689 | -3/Testing | Spotted PX-23DJO9LLLQ 23716 | -3/Testing | Rewired PX-23DJO9LLLQ 23860 | -3/Testing | Found Prototype Energy Cannon 23860 | -3/Testing | Identified Potential Cannon 23865 | -3/Testing | Found Prototype Energy Cannon 23865 | -3/Testing | Identified Imp. Potential Cannon 23921 | -3/Testing | First assault squad dispatched 24077 | -3/Testing | Destroyed 7 combat bots 24174 | -3/Testing | Found Prototype Energy Gun 24174 | -3/Testing | Identified Warp Gun 24571 | -3/Testing | Discovered new exit (range 10) 24583 | -3/Testing | Identified exit to Research 24585 | -3/Testing | Entered Research 24585 | -2/Research | Warlord forces began assault on 0b10 24585 | -2/Research | Evolved 2 slots: Utility x1, Weapon x1 24669 | -2/Research | Met up with Warlord 24695 | -2/Research | Research machine network offline 25056 | -2/Research | Borebot progress halted 25159 | -2/Research | Borebot progress halted 25206 | -2/Research | Spotted Striker 25214 | -2/Research | Destroyed Striker 25423 | -2/Research | Discovered new exit (range 11) 25439 | -2/Research | Identified exit to Access 25441 | -2/Research | Entered Access 25441 | -1/Access | Evolved 2 slots: Utility x2 25519 | -1/Access | Destroyed 7 combat bots 25740 | -1/Access | First assault squad dispatched 25789 | -1/Access | Garrison activated, responded to threat 25844 | -1/Access | Destroyed 9 combat bots 25880 | -1/Access | Identified BFG-9k Vortex Edition 25921 | -1/Access | Lost 7 parts (1p3n1u2w) 25921 | -1/Access | Released all parts (13) 25939 | -1/Access | Core integrity fell below 50% 25951 | -1/Access | Spotted B-99 Colossus 25961 | -1/Access | Core integrity fell below 20% 25976 | -1/Access | Destroyed by G-73 Enforcer with Phase Gun Last Messages --------------- 25921_ Released Arm. Heavy Treads. 25921_ Released Asb. Suspension Frame. 25921_ Released Asb. Nanovents. 25921_ Released Hcp. Storage Unit. 25921_ Released Asb. Biocell Array. 25921_ Released Adv. Terrain Scan Processor. 25921_ Released GOLEM Unit. 25921_ Released Hcp. Storage Unit. 25921_ Released Adv. Signal Interpreter. 25921_ Released Asb. Nanovents. 25921_ Released BFG-9k Vortex Edition. 25921_ Released Asb. Alloy Leg. 25924_ K-01 Serf collects debris. 25926_ Penetrated by Slug. 25927_ K-01 Serf collects debris. 25928_ Penetrated by Slug. 25930_ K-01 Serf collects debris. 25931_ Penetrated by Slug. 25941_ ALERT: Significant disruption in Zone 3S, assault force dispatched. [Achievement: Torch] Map ----- +----------------------------------------------------+ | ?????????????????????????????????????????????????? | | ?????????????????????????????????????????????????? | | ????????????????????????????##############???????? | | ????????????????????????????# !! #???????? | | ????????????????????????????# ! #???????? | | ????????????????????????????# #???????? | | ????????????????????????????# #???????? | | ????????????????????????????# #???????? | | ????????????????????????????# ] #???????? | | ????????????????????????????# #???????? | | ????????????????????????????# #???????? | | ????????????????????????????# #???????? | | ????????????????????????????? #???????? | | ??????????????????????????????? ?????????? | | ????????????????????????????????? ???????????? | | ???????????????????????????????####+####?????????? | | ???????????????????????????????# #?????????? | | ???????????????????????????????# #?????????? | | ???????????????????????????????# #?????????? | | ???????????????????????????????# #?????????? | | ???????????????????????????????# #?????????? | | ???????????????????????????????# #?????????? | | ????????????????????????######## #######???? | | ????????????????????????# ? | | ????????????????????????# ? | | ?????????????????########@ ? | | ??????????????? R ?? | | ??????????????????####+## ?? | | ????????????????????????# k ??? | | ????????????????????????# ??? | | ????????????????????????# s###############??? | | ????????????????????????# ss#????????????????? | | ????????????????????????# s #????????????????? | | ????????????????????????+ +????????????????? | | ????????????????????????# #????????????????? | | ????????????????????????# g#????????????????? | | ????????????????????????# g#????????????????? | | ????????????????????????# #????????????????? | | ????????????????????????# #????????????????? | | ????????????????????????# #????????????????? | | ????????????????????????# #????????????????? | | ????????????????????????# #????????????????? | | ????????????????????????# #????????????????? | | ????????????????? ###### #????????????????? | | ???????????????? #?????### ???????? | | ???????????????? #????? ????? | | ???????????????? #????? #???? | | ???????????????? #????? #???? | | ???????????????? #????? +???? | | ?????????????????""" """"" #????? #???? | +----------------------------------------------------+ Best States ------------- Heat Dissipation 82 Energy Generation 55 Energy Capacity 1900 Matter Stores 300 Matter Capacity 300 Sight Range 16 Robot Scan Range 30 Terrain Scan Range 24 Terrain Scan Density 210 Additional Mass Support 10 Armor Coverage 1200 Resistance: KI 20 Resistance: TH 15 Resistance: EX 15 Resistance: EM 15 Resistance: I 15 Resistance: S 15 Resistance: P 15 Weapon Shielding 100 Weapon Cycling 15 Evasion (%) 55 Recoil Reduction 6 Matter Filtering 50 Offensive Hacking 12 Item Schematics ----------------- Exp. Sensor Array | -8/Materials | Scanalyzed Beamcaster | -7/Zion | Free Riot Gun | -7/Zion | Free Battle Cannon | -7/Zion | Free Centrium Heavy Treads | -4/Factory | Scanalyzed Assault Drone Bay | -4/Zhirov | Free Exp. Heat Sink | -4/Zhirov | Free Exp. Optical Array | -4/Zhirov | Free Imp. Arc Thrower | -4/Zhirov | Free Robot Schematics ------------------ None Fabricated ------------ Exp. Sensor Array | x1 | -7/Factory Y-64 Sentinel | x2 | -4/Factory | Preloaded Alien Tech Used ----------------- Integrated Reactor Achievements -------------- Are We The Baddies? Max Potential Torch Challenges ------------ None Game ------ Seed AssemblyRemoteInitializer Manual? 0 Play Time 05:15:54 Cumulative 136.3 hours Start 2021.11.03 @ 21:29:32 End 2021.11.13 @ 03:52:49 Sessions 38 Manual Loads 0 Difficulty Rogue Special Mode None Game No. 80 Rogue 80 Adventurer 0 Explorer 0 Win Type - Total 3 Types 2/0/0/1/0/0/0/0/0 Lore% 72 Gallery% 80 Achievement% 55 Wizard Run 0 Options --------- ASCII 0 Keyboard 1 Movement Vi Keybinds 0 Fullscreen 2 Font 18/Cog Map View 76x50 Tactical HUD 1 Map Filters NONE Filters NONE Steam 0 RUN: 116c5463-0a80-46db-972f-b38fdc379c3d